 Dungeon Crawl Stone Soup version 0.27.0-1-g7a089689b8 (webtiles) character file.

Game seed: 394456874317153581

94 SnakkuSnakku7 the Chopper (level 4, -1/37 HPs)
             Began as a Formicid Berserker on Aug 12, 2021.
             Was a Believer of Trog.
             Slain by an ice beast (7 damage)
             ... on level 3 of the Dungeon.
             The game lasted 00:02:35 (2522 turns).

SnakkuSnakku7 the Chopper (Formicid Berserker)      Turns: 2522, Time: 00:02:35

Health: -1/37      AC:  6    Str: 22    XL:     4   Next: 94%
Magic:  4/4        EV: 10    Int:  6    God:    Trog [**....]
Gold:   60         SH:  0    Dex: 11    Spells: 3/3 levels left

rFire    . . .     SeeInvis +   b - +2 dagger (venom)
rCold    . . .     Faith    .   (no shield)
rNeg     . . .     Spirit   .   h - +0 scale mail
rPois    .         Reflect  .   (helmet unavailable)
rElec    .         Harm     .   (no cloak)
rCorr    .         Rampage  .   (no gloves)
Will     .....                  (no boots)
Stlth    ..........             (no amulet)
HPRegen  0.12/turn              (no ring)
MPRegen  0.09/turn              (no ring)

@: no status effects
A: permanent stasis, dig shafts and tunnels, antennae 3, four strong arms
a: Dig, Shaft Self, Renounce Religion, Trog's Hand


You were on level 3 of the Dungeon.
You worshipped Trog.
Trog was pleased with you.
You visited 1 branch of the dungeon, and saw 3 of its levels.

You collected 60 gold pieces.

Inventory:

Hand Weapons
 a - a +0 hand axe
 b - a +2 dagger of venom (weapon)
Missiles
 d - 27 poisoned darts
Armour
 h - a +0 scale mail (worn)
 m - a +0 animal skin
Scrolls
 c - 2 scrolls of enchant weapon {unknown}
 f - 7 scrolls of identify {unknown}
 g - a scroll of enchant armour {unknown}
 i - a scroll of noise {unknown}
 k - a scroll of silence {unknown}
 l - 2 scrolls of teleportation {unknown}
Potions
 e - a potion of curing {unknown}
 j - a potion of degeneration {unknown}
 n - a potion of might {unknown}


   Skills:
 - Level 3.8 Fighting
 + Level 4.2 Axes
 + Level 2.1 Throwing
 - Level 2.1 Armour
 - Level 1.7 Dodging


You had 3 spell levels left.
You didn't know any spells.
Your spell library was empty.

Dungeon Overview and Level Annotations

Branches:
Dungeon (3/15)

Altars:


Innate Abilities, Weirdness & Mutations

You cannot be hasted, slowed, berserked, paralysed or teleported.
You can dig through walls and to a lower floor.
You have a pair of large antennae on your head. (SInv)
Your four strong arms can wield two-handed weapons with a shield.


Message History

Found a ring mail.
You see here a +0 ring mail.
Found a stone staircase leading down.
You sense a monster nearby.
A hobgoblin comes into view.
The hobgoblin shouts!
The hobgoblin barely misses you.
You hit the hobgoblin.
The hobgoblin is heavily wounded.
The hobgoblin hits you.
You hit the hobgoblin.
You kill the hobgoblin!
Trog accepts your kill.
Found a stone staircase leading down.
There is a stone staircase leading down here.
l - 2 scrolls labelled BOKKEO SAHA (gained 1)
Things that are here:
a +0 robe; a hobgoblin skeleton An ice beast comes into view.
An ice beast is nearby!
You aren't carrying any items that you can evoke.
Unknown command.
Things that are here:
a +0 robe; a hobgoblin skeleton You hit the ice beast.
The ice beast is lightly wounded.
The ice beast barely misses you.
You hit the ice beast.
The ice beast is poisoned.
The ice beast is moderately wounded.
The ice beast hits you. The ice beast freezes you!
You closely miss the ice beast.
The ice beast is moderately wounded.
The ice beast hits you. The ice beast freezes you!
* * * LOW HITPOINT WARNING * * *
You barely miss the ice beast.
The ice beast is moderately wounded.
The ice beast hits you.
* * * LOW HITPOINT WARNING * * *
The ice beast freezes you!
You die...

#.# #.# #..##...# #.# #.#
#..###### #.# #.# #........ #.#
#.# #......>. #.# #.# #..######
#.# ##### #.# #..##....
#.####...######.# #........
#......#........#########.###.###
.......#.)..###.@Y[...........###
#.##.#####.......######.>...##...
.......#..÷......# ..........
.(####.#.##.###.)# .....#####
..####.†.##.# #..# #...##
............# #÷.# #.##
.#####...######..# .# .# ##.##
#..÷..# .. ## #.# #..##.##


You could see an ice beast (very poisoned).

Vanquished Creatures
  Terence (D:3)
  A dart slug (D:1)
  An orc (D:2)
  7 endoplasms
  A giant cockroach (D:1)
  7 goblins
  3 hobgoblins
  9 jackals
  6 ball pythons
  13 bats
  2 frilled lizards
  6 kobolds
  7 rats
64 creatures vanquished.

Notes
Turn   | Place    | Note
-------+----------+-------------------------------------------
     0 | D:1      | SnakkuSnakku7 the Formicid Berserker began the quest for
                  | the Orb.
     0 | D:1      | Reached XP level 1. HP: 18/18 MP: 1/1
    36 | D:1      | Reached XP level 2. HP: 9/24 MP: 2/2
   523 | D:1      | Reached XP level 3. HP: 30/30 MP: 3/3
  1171 | D:2      | Reached skill level 1 in Throwing
  1665 | D:2      | Reached ** piety under Trog
  1666 | D:2      | Reached XP level 4. HP: 37/37 MP: 4/4
  2040 | D:3      | Reached skill level 4 in Axes
  2166 | D:3      | Noticed Terence
  2176 | D:3      | Killed Terence
  2511 | D:3      | Noticed an ice beast
  2522 | D:3      | Slain by an ice beast

Illustrated notes

Levels and vault maps discovered:
D:1:      minmay_arrival_shattered_statue, layout_loops_ring
D:2:      layout_basic
D:3:      layout_loops_ring, shapermc_ecumenical_altar_pompeii, roderic_batcave,
          minmay_misc_feat_enclosed, fountainhead, uniq_terence

Skill      XL: |  1  2  3  4 |
---------------+-------------+-----
Throwing       | 1 2 |  2.1
Axes           | 4 |  4.2
Fighting       | |  3.8
Armour         | |  2.1
Dodging        | |  1.7

Action                   |  1- 3 |  4- 6 || total
-------------------------+-------+-------++-------
Melee: Hand axe          |   155 |    17 ||   172
       Dagger            |       |    49 ||    49
 Abil: Dig               |     1 |       ||     1
Armor: Animal skin       |    19 |       ||    19
       Scale mail        |    41 |    30 ||    71
Dodge: Dodged            |    89 |    57 ||   146
